 Dungeon Sprint DCSS version 0.23-a0-143-g1adec7b (webtiles) character file.

25482 Faca the Warrior (level 13, 0/139 HPs)
             Began as a Hill Orc Fighter on Aug 31, 2018.
             Was the Champion of the Shining One.
             Slain by Fuofuyq the pandemonium lord (7 damage)
             ... in the Dungeon (Sprint V: "Ziggurat Sprint").
             The game lasted 00:11:49 (1396 turns).

Faca the Warrior (Hill Orc Fighter)                 Turns: 1396, Time: 00:11:50

Health: 0/139      AC: 36    Str: 27    XL:     13   Next: 19%
Magic:  2/24       EV:  6    Int: 10    God:    the Shining One [******]
Gold:   0          SH: 18    Dex: 15    Spells: 12/12 levels left

rFire    + . .     SeeInvis .   p - +9 broad axe (freeze)
rCold    + + .     Gourm    .   o - +3 shield
rNeg     + + +     Faith    .   l - +5 gold dragon scales
rPois    +         Spirit   .   (no helmet)
rElec    +         Reflect  .   (no cloak)
rCorr    .         Harm     .   F - +2 pair of gloves {Str+3}
MR       .....     NoTele   +   C - +1 pair of boots {Fly}
Stlth    ..........             u - amulet of Traps {rF+ Regen+ Dex+3}
HPRegen  0.73/turn              m - ring "Ofack" {+Inv AC+4 Int+2 Dex+2}
MPRegen  0.19/turn              a - ring of the Cricket {Ice rElec Slay+6}

@: glowing, silenced
A: screaming 1
a: Renounce Religion, Evoke Invisibility, Evoke Flight


You were in the Dungeon.
You worshipped the Shining One.
The Shining One was exalted by your worship.
You were hungry.

You visited 1 branch

Inventory:

Hand Weapons
 p - a +9 broad axe of freezing (weapon)
 D - the +7 broad axe "Newtbane" {antimagic, Dex+4}
   (You found it in the Dungeon)

   It reduces the magical energy of the wielder, and disrupts the spells and
   magical abilities of those hit.
   Natural abilities and divine invocations are not affected.
   It affects your dexterity (+4).
 E - the +5 mace "Womon" {speed, Str-5 Dex+4 Stlth+}
   (You found it in the Dungeon)

   Attacks with this weapon are significantly faster.
   It affects your strength (-5).
   It affects your dexterity (+4).
   It makes you more stealthy.
 H - the +8 lance "Wyrmbane" {slay drac, rPois rF+ rC+ AC+3}
   (You found it in the Dungeon)

   It affects your AC (+3).
   It protects you from fire.
   It protects you from cold.
   It protects you from poison.
Armour
 l - +5 gold dragon scales (worn)
 n - a +3 large shield
 o - a +3 shield (worn)
 C - a +1 pair of boots of flying (worn)
 F - a +2 pair of gloves of strength (worn)
 I - the +15 Maxwell's patent armour {-Cast -Tele rElec MR+ rCorr}
   (You found it in the Dungeon)

   It insulates you from electricity.
   It affects your resistance to hostile enchantments.
   It prevents spellcasting.
   It prevents most forms of teleportation.
   It provides partial protection from all sources of acid and corrosion.
 J - the +18 shield of the Gong {rElec rN+ MR+ EV-5}
   (You found it in the Dungeon)

   It affects your evasion (-5).
   It insulates you from electricity.
   It protects you from negative energy.
   It affects your resistance to hostile enchantments.
Jewellery
 a - the ring of the Cricket (right hand) {Ice rElec Slay+6}
   (You found it in the Dungeon)

   [ring of ice]

   It enhances your ice magic.
   It affects your accuracy and damage with ranged weapons and melee attacks
   (+6).
   It makes you vulnerable to fire.
   It protects you from cold.
   It insulates you from electricity.
 m - the ring "Ofack" (left hand) {+Inv AC+4 Int+2 Dex+2}
   (You found it in the Dungeon)

   [ring of protection]

   It affects your AC (+4).
   It affects your intelligence (+2).
   It affects your dexterity (+2).
   It lets you turn invisible.
 u - the amulet of Traps (around neck) {rF+ Regen+ Dex+3}
   (You found it in the Dungeon)

   [amulet of regeneration]

   It affects your dexterity (+3).
   It protects you from fire.
   It increases your rate of regeneration.
 K - the ring of Fymirof {rC+ Str+3 Int+3 Dex+2}
   (You found it in the Dungeon)

   [ring of protection from cold]

   It affects your strength (+3).
   It affects your intelligence (+3).
   It affects your dexterity (+2).
   It protects you from cold.
Wands
 y - a wand of disintegration (7)
 z - a wand of iceblast (7)
 A - a wand of acid (7)
Scrolls
 b - 6 scrolls of fog
 c - a scroll of holy word
 k - 4 scrolls of blinking
 q - 5 scrolls of identify
 r - 5 scrolls of remove curse
 s - 2 scrolls of fear
 G - 2 scrolls of brand weapon
Potions
 d - 6 potions of might
 e - 10 potions of curing
 h - 9 potions of haste
 i - 7 potions of magic
 j - a potion of berserk rage
 t - 2 potions of brilliance
 v - 3 potions of resistance
 x - 5 potions of agility
Comestibles
 f - 7 rations
 B - 10 chunks of flesh


   Skills:
 + Level 20.1 Fighting
 - Level 19.0 Axes
 + Level 15.9 Armour
 + Level 17.2 Shields
 + Level 14.6 Invocations


You had 12 spell levels left.
You didn't know any spells.
Your spell library was empty.

Dungeon Overview and Level Annotations

Branches:
Dungeon (1/1)

Altars:
Ashenzari
Cheibriados
Dithmenos
Elyvilon
Fedhas
Gozag
Hepliaklqana
Kikubaaqudgha
Makhleb
Nemelex Xobeh
Okawaru
Qazlal
Ru
Sif Muna
Trog
Uskayaw
Vehumet
Wu Jian
Xom
Yredelemnul
Zin
The Shining One
Beogh
Jiyva
Lugonu


Innate Abilities, Weirdness & Mutations

You occasionally shout uncontrollably at your foes.


Message History

Zafiramu hits you but does no damage. Fuofuyq hits you but does no damage.
Ycsuwky hits you but does no damage.
You slash Ycsuwky! You freeze Ycsuwky.
Ycsuwky is lightly wounded.
You slice the monstrous corrupter!! You freeze the monstrous corrupter!
You hit the hellwing. You freeze the hellwing. You closely miss Fuofuyq.
You closely miss Zafiramu. Fuofuyq hits you but does no damage.
The monstrous corrupter hits you but does no damage.
The monstrous corrupter claws you but does no damage.
The monstrous corrupter gores you but does no damage.
Ycsuwky gestures.
Ycsuwky flickers and vanishes for a moment.
Zafiramu hits you but does no damage. You block the hellwing's attack. x2
You slash Ycsuwky!
Ycsuwky is moderately wounded.
You slice Zafiramu!! You freeze Zafiramu. You hit Fuofuyq.
You closely miss the hellwing. You hit the hellwing. You freeze the hellwing.
You hit the monstrous corrupter. You freeze the monstrous corrupter.
Fuofuyq hits you!
You die...

▓..|) ▓...})):)|
▓..}" ▓..........
▓.... ▓..........
▓....
▓.....13......▓....
▓..4.&6.......▓....
▓.464.........▓....
▓6&&6.........▓..▓.
▓.@▓.......▓..▓...†
▓44&..R.......▓.)..
▓.3...........▓▓▓▓▓
▓......©......▓....
▓▓▓▓▓▓▓▓▓▓▓▓▓▓▓..[:
▓...: ▓.... ▓....
▓....


You could see Fuofuyq, Paifudik, Ycsuwky (invisible), Zafiramu, a Brimstone
Fiend, 3 demonspawn, a rakshasa, a gelid demonspawn, 3 hellwings, 2 rust devils,
a smoke demon and a ynoxinul.

Vanquished Creatures
  An ironheart preserver (D)
  A very ugly thing (D)
  3 fire dragons (D)
  An ogre mage (D)
  A rakshasa (D)
  2 vault guards (D)
  A hydra (D)
  A naga warrior (D)
  An anaconda (D)
  2 two-headed ogres (D)
  A hell hog (D)
  A deep elf knight (D)
  A fire crab (shapeshifter) (D)
  A lindwurm (shapeshifter) (D)
  A wizard (D)
  A shining eye (D)
  5 draconians (D)
  A manticore (shapeshifter) (D)
  2 black mambas (D)
  4 naga magi (D)
  An elephant (D)
  2 spiny frogs (D)
  An efreet (D)
  A komodo dragon (D)
  An ice devil (D)
  A jumping spider (shapeshifter) (D)
  A polar bear (shapeshifter) (D)
  A hippogriff (D)
  4 starcursed masses (D)
  5 fire elementals (D)
  A yak (D)
  3 neqoxecs (D)
  6 nagas (D)
  7 water moccasins (D)
  A floating eye (D)
  2 hell hounds (D)
  2 porcupines (D)
  An eye of draining (shapeshifter) (D)
  2 ogres (D)
  A necrophage (D)
  A wolf (D)
  A crocodile (D)
  3 bullfrogs (D)
  A wight (D)
  A quasit (D)
  An iron imp (D)
  10 adders (D)
  2 shadow imps (D)
  A white imp (D)
  3 ufetubi (D)
  An ooze (D)
  An adder skeleton (D)
  4 ball pythons (D)
  2 bat skeletons (D)
  4 bat zombies (D)
  A jackal (D)
  A fire vortex (D)
114 creatures vanquished.

Vanquished Creatures (collateral kills)
  A yaktaur captain (D)
  A yaktaur (D)
2 creatures vanquished.

Vanquished Creatures (others)
  A fire dragon (D)
1 creature vanquished.

Grand Total: 117 creatures vanquished

Notes
Turn   | Place    | Note
-------+----------+-------------------------------------------
     0 | D        | Found the +6 Majin-Bo {vamp, Archmagi MP+6 Int+6}
     0 | D        | Found the +7 great mace "Firestarter" {inner flame, rF++}
     0 | D        | Faca the Hill Orc Fighter began the quest for the Orb.
     0 | D        | Reached XP level 1. HP: 19/19 MP: 1/1
     3 | D        | Found a blossoming altar of Fedhas.
     5 | D        | Found a viscous altar of Jiyva.
     5 | D        | Found a hazy altar of Hepliaklqana.
     5 | D        | Found a transporter.
     5 | D        | Found an opulent altar of Gozag.
     5 | D        | Found an ancient bone altar of Kikubaaqudgha.
     5 | D        | Found a corrupted altar of Lugonu.
    33 | D        | Found a burning altar of Makhleb.
    34 | D        | Found a sacrificial altar of Ru.
    34 | D        | Found a stormy altar of Qazlal.
    34 | D        | Found a deep blue altar of Sif Muna.
    34 | D        | Found an iron altar of Okawaru.
    34 | D        | Found a bloodstained altar of Trog.
    34 | D        | Found a sparkling altar of Nemelex Xobeh.
    51 | D        | Found the +6 shillelagh "Devastator" {shatter}
    51 | D        | Found the +11 plutonium sword {*Contam Stlth-}
    51 | D        | Found the +8 lance "Wyrmbane" {slay drac, rPois rF+ rC+
                  | AC+3}
    51 | D        | Found the +9 sword of Zonguldrok {reap}
    51 | D        | Found the cursed +13 scythe of Curses {drain, *Curse}
    51 | D        | Found the +0 sword of Power
    51 | D        | Found the +7 mace of Variability {chain chaos}
    51 | D        | Found the +7 Singing Sword
    51 | D        | Found the +7 longbow "Piercer" {penet, EV-2}
    53 | D        | Found the +9 heavy crossbow "Sniper" {velocity, Acc+∞ SInv}
    53 | D        | Found the +10 dark maul {crush}
    53 | D        | Found the +15 Maxwell's patent armour {-Cast -Tele rElec
                  | MR+ rCorr}
    53 | D        | Found the +18 shield of the Gong {rElec rN+ MR+ EV-5}
    53 | D        | Found the cursed +14 obsidian axe {chop, +Fly SInv *Curse}
    64 | D        | Became a worshipper of the Shining One
    71 | D        | Reached skill level 7 in Fighting
    71 | D        | Reached XP level 2. HP: 34/34 MP: 2/2
    78 | D        | Entered arena 2.
    78 | D        | Noticed a floating eye
    78 | D        | Found a transporter.
    81 | D        | Killed a floating eye
    81 | D        | Reached skill level 9 in Fighting
    81 | D        | Reached skill level 10 in Axes
    81 | D        | Reached XP level 3. HP: 44/44 MP: 3/3
    81 | D        | Reached XP level 4. HP: 50/50 MP: 4/4
    98 | D        | Entered arena 3.
    98 | D        | Reached * piety under the Shining One
    98 | D        | Reached ** piety under the Shining One
    98 | D        | Found a transporter.
   102 | D        | Reached XP level 5. HP: 58/58 MP: 5/5
   102 | D        | Reached skill level 10 in Fighting
   113 | D        | Entered arena 4.
   113 | D        | Noticed a two-headed ogre
   113 | D        | Reached *** piety under the Shining One
   113 | D        | Noticed an ogre
   113 | D        | Noticed a two-headed ogre
   113 | D        | Noticed an ogre
   113 | D        | Found a transporter.
   119 | D        | Killed a two-headed ogre
   119 | D        | Reached skill level 12 in Fighting
   119 | D        | Reached XP level 6. HP: 71/71 MP: 6/6
   119 | D        | Reached XP level 7. HP: 78/78 MP: 7/7
   120 | D        | Killed a two-headed ogre
   120 | D        | Reached skill level 13 in Fighting
   120 | D        | Reached XP level 8. HP: 86/86 MP: 8/8
   127 | D        | Got the ring "Ofack" {+Inv AC+4 Int+2 Dex+2}
   167 | D        | Entered arena 5.
   167 | D        | Found a transporter.
   171 | D        | Reached XP level 9. HP: 93/93 MP: 9/9
   179 | D        | Got the ring of the Cricket {Ice rElec Slay+6}
   186 | D        | Entered arena 6.
   186 | D        | Noticed a draconian
   186 | D        | Reached **** piety under the Shining One
   186 | D        | Noticed a draconian
   186 | D        | Noticed a draconian
   186 | D        | Noticed a draconian
   186 | D        | Noticed a draconian
   186 | D        | Found a transporter.
   194 | D        | Killed a draconian
   194 | D        | Reached skill level 14 in Fighting
   194 | D        | Reached skill level 10 in Armour
   194 | D        | Reached skill level 10 in Shields
   197 | D        | Killed a draconian
   197 | D        | Reached skill level 15 in Axes
   200 | D        | Killed a draconian
   205 | D        | Killed a draconian
   205 | D        | Reached XP level 10. HP: 89/104 MP: 10/10
   207 | D        | Killed a draconian
   207 | D        | Reached skill level 15 in Fighting
   361 | D        | Entered arena 7.
   361 | D        | Noticed a naga mage
   362 | D        | Found the +6 arbalest "Damnation" {damnation}
   363 | D        | Found a transporter.
   376 | D        | Killed a naga mage
   476 | D        | Entered arena 8.
   476 | D        | Noticed a starcursed mass
   476 | D        | Reached ***** piety under the Shining One
   477 | D        | Found a transporter.
   482 | D        | Reached ****** piety under the Shining One
   485 | D        | Killed a starcursed mass
   491 | D        | Killed a starcursed mass
   491 | D        | Killed a starcursed mass
   621 | D        | Entered arena 9.
   621 | D        | Noticed a black mamba
   621 | D        | Noticed a naga mage
   622 | D        | Found a transporter.
   630 | D        | Killed a black mamba
   630 | D        | Killed a naga mage
   630 | D        | Reached skill level 16 in Fighting
   823 | D        | Entered arena 10.
   823 | D        | Noticed a black mamba
   824 | D        | Found a transporter.
   826 | D        | Killed a black mamba
   836 | D        | Reached XP level 11. HP: 115/115 MP: 11/11
   842 | D        | Got the amulet of Traps {rF+ Regen+ Dex+3}
   851 | D        | Entered arena 11.
   851 | D        | Noticed a yaktaur captain
   851 | D        | Noticed a wizard
   851 | D        | Noticed an ironheart preserver
   851 | D        | Noticed a deep elf knight
   851 | D        | Noticed an ogre mage
   851 | D        | Noticed a vault guard
   851 | D        | Noticed a vault guard
   851 | D        | Noticed a rakshasa
   855 | D        | Found a transporter.
   867 | D        | Killed a deep elf knight
   871 | D        | Killed an ironheart preserver
   871 | D        | Reached skill level 5 in Invocations
   875 | D        | Killed a wizard
   875 | D        | Reached skill level 17 in Fighting
   875 | D        | Killed a vault guard
   887 | D        | HP: 5/117 [ironheart preserver (illusionary)/the +9
                  | quarterstaff "Jyiheavu" {holy, rF+ Dex+2} (15)]
   890 | D        | Killed a yaktaur captain
   905 | D        | Killed an ogre mage
   908 | D        | Killed a vault guard
   914 | D        | Killed a rakshasa
   960 | D        | Entered arena 12.
   971 | D        | Found a transporter.
   982 | D        | Got the +7 broad axe "Newtbane" {antimagic, Dex+4}
   989 | D        | Got the +5 mace "Womon" {speed, Str-5 Dex+4 Stlth+}
   991 | D        | Entered arena 13.
   991 | D        | Noticed a purple very ugly thing
   991 | D        | Noticed a shining eye
   991 | D        | Noticed a lindwurm
   991 | D        | an eye of devastation changed into a lindwurm
   991 | D        | Noticed a glowing orange brain
   996 | D        | Noticed a mana viper
   996 | D        | a floating eye changed into a mana viper
   998 | D        | Gained mutation: You occasionally shout uncontrollably at
                  | your foes. [a neqoxec]
  1000 | D        | Noticed a fire crab
  1000 | D        | a mana viper changed into a fire crab
  1002 | D        | Killed a shining eye
  1002 | D        | Reached skill level 18 in Fighting
  1003 | D        | Reached XP level 12. HP: 115/127 MP: 13/19
  1003 | D        | Reached skill level 15 in Armour
  1003 | D        | Reached skill level 15 in Shields
  1003 | D        | Reached skill level 10 in Invocations
  1009 | D        | Killed a purple very ugly thing
  1017 | D        | Found a transporter.
  1047 | D        | Entered arena 14.
  1052 | D        | Noticed a naga warrior
  1052 | D        | Noticed an anaconda
  1059 | D        | Killed an anaconda
  1067 | D        | Killed a naga warrior
  1068 | D        | Reached skill level 19 in Fighting
  1088 | D        | Found a transporter.
  1096 | D        | Got the ring of Fymirof {rC+ Str+3 Int+3 Dex+2}
  1149 | D        | Entered arena 15.
  1170 | D        | Noticed a four-headed hydra
  1184 | D        | Killed a four-headed hydra
  1198 | D        | Found the +7 Kryia's mail coat {PotionHeal*2 rC+}
  1198 | D        | Found a transporter.
  1221 | D        | Entered arena 16.
  1221 | D        | Noticed a fire dragon
  1221 | D        | Noticed a fire dragon
  1221 | D        | Noticed a hell hog
  1226 | D        | Noticed a fire dragon
  1226 | D        | Noticed a fire dragon
  1228 | D        | Killed a hell hog
  1234 | D        | Killed a fire dragon
  1235 | D        | Reached XP level 13. HP: 102/139 MP: 23/23
  1237 | D        | Killed a fire dragon
  1239 | D        | Killed a fire dragon
  1239 | D        | Reached skill level 20 in Fighting
  1243 | D        | Killed a fire dragon
  1247 | D        | Found a transporter.
  1359 | D        | Got the ring "Zycovvaud" {Int+5 Stlth+}
  1380 | D        | Entered arena 17.
  1386 | D        | Noticed a monstrous corrupter
  1386 | D        | Noticed a rakshasa
  1386 | D        | Noticed an infernal corrupter
  1386 | D        | Noticed Zafiramu the pandemonium lord
  1386 | D        | Noticed Fuofuyq the pandemonium lord
  1386 | D        | Noticed Jeonet the pandemonium lord
  1386 | D        | Noticed a Brimstone Fiend
  1387 | D        | Found the +8 autumn katana {slice, Clar}
  1387 | D        | Noticed Ycsuwky the pandemonium lord
  1387 | D        | Noticed a ghost moth
  1391 | D        | Noticed Paifudik the pandemonium lord
  1392 | D        | HP: 5/139 [Zafiramu the pandemonium lord/bolt of lightning
                  | (15)]
  1394 | D        | The Shining One protects you from harm!
  1396 | D        | Slain by Fuofuyq the pandemonium lord

Vault maps used:
D:        sprint_v

Skill      XL: |  1  2  3  4  5  6  7  8  9 10 11 12 13 |
---------------+----------------------------------------+-----
Fighting       | 7 9 12 13 14 16 18 19 20 | 20.1
Axes           | 7 10 13 14 15 17 18 19 | 19.0
Armour         | 7 9 11 13 14 15 | 15.9
Shields        | 7 9 11 13 14 16 17 | 17.2
Invocations    | 9 13 14 | 14.6

Action                   |  1- 3 |  4- 6 |  7- 9 | 10-12 | 13-15 || total
-------------------------+-------+-------+-------+-------+-------++-------
Melee: Broad axe         |     2 |    10 |    23 |   166 |    13 ||   214
       Mace              |       |       |       |     7 |       ||     7
Invok: Cleansing Flame   |       |       |       |     2 |       ||     2
       Summon Divine War |       |       |       |     1 |     1 ||     2
 Abil: Stop Flying       |       |       |       |     1 |       ||     1
  Use: Potion            |     1 |     1 |       |    13 |       ||    15
       Scroll            |       |       |       |     6 |       ||     6
  Eat: Chunk             |       |       |       |     2 |       ||     2
Armor: Plate armour      |     2 |    12 |     6 |    91 |     4 ||   115
       Gold dragon scale |       |       |       |       |    12 ||    12
Dodge: Dodged            |       |     1 |     2 |    50 |     4 ||    57
Block: Shield            |       |     7 |    17 |   190 |    22 ||   236

Table legend:
 A = Non-vault XP
 B = Vault XP
 C = Vault XP percentage of total XP
 D = Non-vault monster count
 E = Vault monster count
 F = Vault count percentage of total count
                 A         B        C        D         E       F
            +---------+---------+-------+---------+---------+-------
      Total |     895 |   35499 |  97.5 |       4 |     112 |  96.6
            +---------+---------+-------+---------+---------+-------
          D |     895 |   35499 |  97.5 |       4 |     112 |  96.6
            +---------+---------+-------+---------+---------+-------
